 Dungeon Crawl Stone Soup version 0.29-a0-520-gc852659d43 (console) character file.

Game seed: 8653020543741835243

36101 om the Severer (level 13, -8/116 HPs)
             Began as a Minotaur Berserker on May 31, 2022.
             Was a High Priest of Trog.
             Mangled by a freezing wraith (23 damage)
             ... led by a death knight
             ... on level 13 of the Dungeon.
             The game lasted 00:41:23 (17712 turns).

om the Severer (Minotaur Berserker)                Turns: 17712, Time: 00:41:24

Health: -8/116     AC: 22    Str: 26    XL:     13   Next: 51%
Magic:  0/4        EV: 15    Int:  7    God:    Trog [*****.]
Gold:   1119       SH:  0    Dex: 14    Spells: 12/12 levels left

rFire   + . .      SeeInvis .   a - +7 battleaxe {antimagic, Fly rPois rC- Stlth+}
rCold   . . .      Faith    .   (shield currently unavailable)
rNeg    . . .      Spirit   .   y - +6 scale mail "Xionile" {rF+ rC+}
rPois   +          Reflect  .   J - +2 hat {Int+3}
rElec   +          Harm     .   L - scarf {shadows}
rCorr   .          Rampage  .   d - +0 pair of gloves {Str+3}
Will    .....                   B - +2 pair of boots
Stlth   +.........              u - amulet of regeneration
HPRegen 1.09/turn               (no ring)
MPRegen 0.09/turn               t - +4 ring of slaying

@: flying
A: horns 2, retaliatory headbutt, electricity resistance, MP-powered wands
a: Renounce Religion, Berserk, Trog's Hand, Brothers in Arms


You were on level 13 of the Dungeon.
You worshipped Trog.
Trog was extremely pleased with you.
You visited 4 branches of the dungeon, and saw 18 of its levels.
You also visited: Gauntlet.

You collected 1515 gold pieces.
You spent 396 gold pieces at shops.

Inventory:

Hand Weapons
 a - the +7 battleaxe "Kumank" (weapon) {antimagic, Fly rPois rC- Stlth+}
   (Trog gifted it to you on level 2 of the Orcish Mines)

   It reduces the magical energy of the wielder, and disrupts the spells and
   magical abilities of those it strikes.
   Natural abilities and divine invocations are not affected.
   rC:        It makes you vulnerable to cold.
   rPois:     It protects you from poison.
   Fly:       It grants you flight.
   Stlth:     It makes you more stealthy.
 b - the +8 hunting sling of Contention {freeze, Will++ Dex+3}
   (You found it on level 12 of the Dungeon)

   Any ammunition fired from it freezes those it strikes, dealing additional
   cold damage.
   It can also slow down cold-blooded creatures.
   Dex:       It affects your dexterity (+3).
   Will:      It greatly increases your willpower.
 o - a +1 hand axe of electrocution
 A - a +0 hand axe of flaming
Missiles
 S - 52 stones (quivered)
Armour
 d - a +0 pair of gloves of strength (worn)
 v - the +2 leather armour of the Dropbear {Rampage rC+}
   (You took it off a minotaur in a Gauntlet)

   rC:        It protects you from cold.
   Rampage:   It bestows one free step when moving towards enemies.
 y - the +6 scale mail "Xionile" (worn) {rF+ rC+}
   (You found it on level 6 of the Dungeon)

   rF:        It protects you from fire.
   rC:        It protects you from cold.
 B - a +2 pair of boots (worn)
 C - a +0 cloak
 J - a +2 hat of intelligence (worn)
 L - a scarf of shadows (worn)
Jewellery
 f - the ring of Vuepro {rF+++ rC- MP+9 Dex+2 SInv}
   (You found it in a Gauntlet)

   [ring of see invisible]

   Dex:       It affects your dexterity (+2).
   rF:        It renders you almost immune to fire.
   rC:        It makes you vulnerable to cold.
   MP:        It affects your magic capacity (+9).
   SInv:      It lets you see invisible.
 i - a ring of positive energy
 p - an amulet of the acrobat
 q - a +4 ring of protection
 t - a +4 ring of slaying (right hand)
 u - an amulet of regeneration (around neck)
 w - a ring of fire
 F - an amulet of guardian spirit
 K - a ring of willpower
 Q - a ring of willpower
Wands
 m - a wand of mindburst (8)
 s - a wand of iceblast (20)
 G - a wand of polymorph (7)
 M - a wand of acid (5)
 R - a wand of flame (13)
Scrolls
 c - 7 scrolls of teleportation
 e - 9 scrolls of poison
 n - 4 scrolls of amnesia
 x - 4 scrolls of vulnerability
 z - a scroll of immolation
 D - a scroll of brand weapon
 E - 2 scrolls of fear
 H - 5 scrolls of enchant weapon
 I - 2 scrolls of enchant armour
 O - a scroll of identify
Potions
 g - 4 potions of heal wounds
 h - 6 potions of curing
 j - 3 potions of flight
 k - 2 potions of attraction
 l - 3 potions of cancellation
 r - 6 potions of lignification
 N - 2 potions of invisibility
 P - a potion of haste


   Skills:
 + Level 11.6 Fighting
 + Level 17.0 Axes
 * Level 7.6 Slings
 + Level 11.6 Armour
 + Level 11.3 Dodging
 - Level 5.0 Evocations


You had 12 spell levels left.
You didn't know any spells.
Your spell library was empty.

Dungeon Overview and Level Annotations

Branches:
Dungeon (13/15)            Temple (0/1) D:4            Lair (2/6) D:11
  Swamp (0/4) Lair:2        Snake (0/4) Lair:2          Orc (2/2) D:9
    Elf (1/3) Orc:2       Gauntlet (visited)
 Vaults: D:13-14

Altars:
Cheibriados
Elyvilon
Gozag
Kikubaaqudgha
Wu Jian
Xom
Zin
Beogh

Shops:
D:4 =   D:10 *   D:11 !   Orc:1 :   Orc:2 *(:!*

Annotations:
D:7 2 runed translucent doors


Innate Abilities, Weirdness & Mutations

You have a pair of horns on your head.
You reflexively headbutt those who attack you in melee.
You are resistant to electric shocks. (rElec)
You expend magic power (3 MP) to strengthen your wands.


Message History

Your body is wracked with pain!
The wraith hits you but does no damage.
You hit the death knight.
The death knight is almost dead.
You slash the wraith!
You hit the freezing wraith but do no damage.
The death knight hits you but does no damage.
The wraith misses you. The freezing wraith closely misses you.
The freezing wraith barely misses you.
You slash the death knight!
You kill the death knight!
Trog accepts your kill.
You closely miss the freezing wraith. You hit the wraith. The wraith hits you.
The freezing wraith completely misses you.
The freezing wraith hits you but does no damage.
You barely miss the freezing wraith. You slash the wraith!
You destroy the wraith!
Trog accepts your kill.
You slice the freezing wraith!! The freezing wraith closely misses you.
The freezing wraith misses you.
The freezing wraith hits you but does no damage. x2
Unknown command.
You are too injured to fight recklessly!
You hit the freezing wraith but do no damage.
You are too injured to fight recklessly!
You slash the freezing wraith!
The freezing wraith is moderately damaged.
The freezing wraith hits you. The freezing wraith freezes you!!
You feel a terrible chill!
* * * LOW HITPOINT WARNING * * *
The freezing wraith hits you but does no damage.
Okay, then.
You're wearing all the rings you can.
Remove which one? (? for menu, Esc to cancel) < or
f - the ring of Vuepro {rF+++ rC- MP+9 Dex+2 SInv} > or
t - a +4 ring of slaying You remove the ring of Vuepro {rF+++ rC- MP+9 Dex+2 SInv}.
You feel your magic capacity decrease. The freezing wraith hits you!
* * * LOW HITPOINT WARNING * * *
The freezing wraith freezes you!!
You die...

#......))...# #.......
#......)....# #.......
............# #.......
#...........### #....(..
#.............###.......
#...........#...#.......
######.########.........
#..# ###...>... ##.#
######## #.# #@# #W#
.....WW.....#
............#
............#
............#
............#
............#


You could see 2 freezing wraiths and a wraith.

Vanquished Creatures
  Jorgrun (D:12)
  Gastronok (D:10)
  A minotaur (Gauntlet)
  Erolcha (D:12)
  A vault guard (D:13)
  A hydra (Lair:1)
  A centaur warrior (D:13)
  A death knight (D:13)
  3 two-headed ogres
  A deep elf knight (D:13)
  Nergalle (Lair:2)
  An obsidian statue (Gauntlet)
  A wizard (D:13)
  An oklob plant (Gauntlet)
  6 cyclopes
  4 ugly things
  4 orc sorcerers (Orc:2)
  An elephant (D:11)
  A gargoyle (D:12)
  An unseen horror (D:10)
  A komodo dragon (Lair:1)
  2 trolls
  A slime creature (Orc:2)
  A hornet (D:9)
  4 blink frogs (Lair:1)
  Sigmund (D:5)
  2 wraiths
  A vampire (D:11)
  2 shadows (D:11)
  30 yaks
  3 wyverns
  A basilisk (D:11)
  A golden eye (Gauntlet)
  3 steam dragons
  8 vampire mosquitoes
  6 wargs
  Edmund (D:5)
  3 acid dragons
  7 water moccasins
  3 nagas (Lair:2)
  Duvessa (D:6)
  2 ice beasts (D:6)
  17 orc warriors
  5 black bears
  2 sky beasts
  6 ogres
  4 centaurs (D:13)
  A phantom (D:6)
  2 kobold brigands
  7 bullfrogs
  An earth elemental (Elf:1)
  Blork the orc (D:4)
  3 necrophages
  2 gnoll sergeants
  4 scorpions
  5 wights (D:10)
  Dowan (D:6)
  10 killer bees
  2 howler monkeys
  4 electric eels (D:8)
  4 crimson imps (D:12)
  A hound (D:6)
  A jelly (D:7)
  A gnoll shaman (D:9)
  23 orc priests
  4 iguanas
  An iguana (shapeshifter) (D:13)
  25 orc wizards
  2 adders
  11 gnolls
  A shadow imp (D:5)
  2 white imps
  An ufetubus (D:4)
  A worm (D:3)
  A dart slug (D:4)
  70 orcs
  5 bats
  5 endoplasms
  3 giant cockroaches
  5 goblins
  8 hobgoblins
  8 jackals
  5 quokkas
  4 ball pythons
  4 frilled lizards
  13 kobolds
  4 rats
407 creatures vanquished.

Vanquished Creatures (collateral kills)
  A shining eye (Gauntlet)
  Maggie (D:7)
  An orc warrior (Orc:2)
  An orc priest (Orc:2)
  4 orc wizards (Orc:2)
8 creatures vanquished.

Vanquished Creatures (others)
  2 fungi (Lair:1)
  5 plants
7 creatures vanquished.

Grand Total: 422 creatures vanquished

Notes
Turn   | Place    | Note
-------+----------+-------------------------------------------
     0 | D:1      | om the Minotaur Berserker began the quest for the Orb.
     0 | D:1      | Reached XP level 1. HP: 19/19 MP: 0/0
   282 | D:1      | Reached XP level 2. HP: 26/27 MP: 1/1
   330 | D:1      | Reached skill level 4 in Axes
   611 | D:1      | Found a faded altar of an unknown god.
  1149 | D:2      | Reached XP level 3. HP: 33/33 MP: 2/2
  1224 | D:2      | Identified a scroll of acquirement
  1224 | D:2      | Acquired a +0 pair of gloves of strength
  1318 | D:2      | Identified the +2 robe of Good Intentions {Rampage rCorr
                  | Str+2}
  1398 | D:2      | Reached ** piety under Trog
  1739 | D:3      | Reached XP level 4. HP: 40/40 MP: 3/3
  1913 | D:3      | Reached skill level 5 in Axes
  2040 | D:3      | Noticed an ogre
  2045 | D:3      | Killed an ogre
  2046 | D:3      | Reached XP level 5. HP: 47/47 MP: 4/4
  2090 | D:3      | Noticed an ogre
  2096 | D:3      | Killed an ogre
  2097 | D:3      | Reached XP level 6. HP: 12/55 MP: 5/5
  2720 | D:3      | Found a snail-covered altar of Cheibriados.
  3010 | D:4      | Found a staircase to the Ecumenical Temple.
  3051 | D:4      | Reached skill level 6 in Axes
  3190 | D:4      | Reached skill level 5 in Fighting
  3349 | D:4      | Found Xupeuptu's Jewellery Shoppe.
  3719 | D:4      | Reached XP level 7. HP: 61/61 MP: 6/6
  4417 | D:5      | Entered Level 5 of the Dungeon
  4454 | D:5      | Noticed Sigmund
  4460 | D:5      | Killed Sigmund
  4461 | D:5      | Reached skill level 7 in Axes
  4461 | D:5      | Reached skill level 5 in Armour
  4642 | D:5      | Noticed Blork the orc
  4642 | D:5      | Noticed Edmund
  4671 | D:4      | Reached *** piety under Trog
  4889 | D:5      | Reached XP level 8. HP: 70/70 MP: 7/7
  4931 | D:4      | Killed Blork the orc
  4932 | D:4      | Reached skill level 8 in Axes
  4932 | D:4      | Reached skill level 5 in Dodging
  5413 | D:5      | Killed Edmund
  5669 | D:6      | Reached skill level 9 in Axes
  5825 | D:6      | Noticed Dowan
  5826 | D:6      | Noticed Duvessa
  5835 | D:6      | Killed Dowan
  5841 | D:6      | Killed Duvessa
  5846 | D:6      | Reached XP level 9. HP: 60/79 MP: 8/8
  6074 | D:6      | Found a glowing silver altar of Zin.
  6074 | D:6      | Found a white marble altar of Elyvilon.
  6078 | D:6      | Found an opulent altar of Gozag.
  6082 | D:6      | Found an ancient bone altar of Kikubaaqudgha.
  6082 | D:6      | Found an ornate altar of the Wu Jian Council.
  6267 | D:6      | Identified the +6 scale mail "Xionile" {rF+ rC+}
  6422 | D:6      | Reached skill level 10 in Axes
  6593 | D:7      | Noticed Maggie
  6663 | D:6      | Reached skill level 1 in Evocations
  6953 | D:7      | Found a runed translucent door.
  6955 | D:7      | Found a runed translucent door.
  6991 | D:7      | Reached **** piety under Trog
  7007 | D:7      | Reached skill level 11 in Axes
  7156 | D:7      | Reached XP level 10. HP: 89/89 MP: 9/9
  7372 | D:7      | Killed Maggie
  8332 | D:8      | Reached skill level 12 in Axes
  9057 | D:9      | Reached XP level 11. HP: 97/97 MP: 10/10
  9165 | D:9      | Found a staircase to the Orcish Mines.
  9496 | D:10     | Entered Level 10 of the Dungeon
  9609 | D:10     | Reached skill level 13 in Axes
  9729 | D:10     | Found Beufohaf's Assorted Antiques.
  9746 | D:10     | Bought a scroll labelled QOUBLA NIDGH for 27 gold pieces
 10139 | D:10     | Noticed Gastronok
 10175 | D:10     | Killed Gastronok
 10176 | D:10     | Reached skill level 10 in Fighting
 10622 | D:11     | Noticed a two-headed ogre
 10626 | D:11     | Killed a two-headed ogre
 10627 | D:11     | Reached skill level 5 in Evocations
 10666 | D:11     | Found a gate leading to a gauntlet.
 10674 | Gauntlet | Entered a Gauntlet
 10674 | Gauntlet | Found a transporter.
 10683 | Gauntlet | Found a transporter.
 10683 | Gauntlet | Noticed an oklob plant
 10686 | Gauntlet | Found a transporter.
 10687 | Gauntlet | Found a transporter.
 10694 | Gauntlet | Noticed a shining eye
 10695 | Gauntlet | Found a transporter.
 10698 | Gauntlet | Found a transporter.
 10699 | Gauntlet | Found a transporter.
 10707 | Gauntlet | Found a transporter.
 10710 | Gauntlet | Found a transporter.
 10711 | Gauntlet | Found a transporter.
 10715 | Gauntlet | Found a runed translucent door.
 10717 | Gauntlet | Found a runed translucent door.
 10718 | Gauntlet | Noticed a death drake
 10719 | Gauntlet | Found a transporter.
 10722 | Gauntlet | Found a transporter.
 10723 | Gauntlet | Found a transporter.
 10728 | Gauntlet | Noticed a reaper
 10731 | Gauntlet | Found a transporter.
 10772 | Gauntlet | Noticed an obsidian statue
 10882 | Gauntlet | Killed an oklob plant
 10976 | Gauntlet | Killed a shining eye
 10977 | Gauntlet | Reached skill level 14 in Axes
 10977 | Gauntlet | Reached skill level 10 in Armour
 11139 | Gauntlet | Killed an obsidian statue
 11186 | Gauntlet | Identified the ring of Vuepro {rF+++ rC- MP+9 Dex+2 SInv}
 11207 | Gauntlet | Identified the +2 leather armour of the Dropbear {Rampage
                  | rC+}
 11207 | Gauntlet | Noticed a minotaur
 11217 | Gauntlet | Killed a minotaur
 11218 | Gauntlet | Reached skill level 10 in Dodging
 11243 | Gauntlet | Identified the +4 dagger "Baoxonov" {freeze, rElec Stlth+}
 11505 | D:11     | Reached skill level 15 in Axes
 11517 | D:11     | Reached XP level 12. HP: 106/106 MP: 11/11
 11570 | D:11     | Found a staircase to the Lair.
 11814 | D:11     | Found Fyribaud's Distillery.
 11824 | D:11     | Bought a potion of lignification for 45 gold pieces
 11824 | D:11     | Bought 2 potions of curing for 90 gold pieces
 11824 | D:11     | Bought a potion of degeneration for 15 gold pieces
 11824 | D:11     | Bought a potion of flight for 45 gold pieces
 12250 | D:12     | Reached skill level 16 in Axes
 12307 | D:12     | Identified the +8 hunting sling of Contention {freeze,
                  | Will++ Dex+3}
 12336 | D:12     | Noticed a two-headed ogre
 12345 | D:12     | Killed a two-headed ogre
 12346 | D:12     | Reached skill level 1 in Slings
 12385 | D:12     | Noticed Erolcha
 12536 | D:12     | Killed Erolcha
 12602 | D:12     | Noticed Jorgrun
 12626 | D:12     | Killed Jorgrun
 12779 | D:12     | Found a shimmering altar of Xom.
 13462 | Orc:1    | Entered Level 1 of the Orcish Mines
 13701 | Orc:1    | Found Zilaxkiu's Book Shop.
 13978 | Orc:2    | Entered Level 2 of the Orcish Mines
 13978 | Orc:2    | Found Puarutt's General Store.
 14083 | Orc:1    | Reached ***** piety under Trog
 14105 | Orc:2    | Bought a scroll of noise for 12 gold pieces
 14270 | Orc:2    | Found a staircase to the Elven Halls.
 14515 | Orc:2    | Noticed an orc high priest
 14519 | Orc:2    | Reached skill level 5 in Slings
 14549 | Orc:2    | an orc high priest changed into a slime creature
 14639 | Orc:2    | Found Jywem's Book Emporium.
 14639 | Orc:2    | Found Toakkoonk's Assorted Antiques.
 14652 | Orc:2    | Identified the +7 battleaxe "Kumank" {antimagic, Fly rPois
                  | rC- Stlth+} (Trog gifted it to you on level 2 of the Orcish
                  | Mines)
 14652 | Orc:2    | Received a gift from Trog
 14709 | Orc:2    | Found Morha's Distillery.
 14718 | Orc:2    | Found Naskee's Antique Weapon Shoppe.
 14726 | Orc:2    | Bought a glowing red potion for 32 gold pieces
 14728 | Orc:2    | Bought a potion of haste for 130 gold pieces
 14912 | Elf:1    | Entered Level 1 of the Elven Halls
 14983 | Lair:1   | Entered Level 1 of the Lair of Beasts
 14983 | Lair:1   | Noticed a five-headed hydra
 14989 | Lair:1   | Killed a two-headed hydra
 14990 | Lair:1   | Reached XP level 13. HP: 116/116 MP: 3/12
 15761 | Lair:2   | Found a staircase to the Swamp.
 15852 | Lair:2   | Noticed Nergalle
 15860 | Lair:2   | Killed Nergalle
 16049 | Lair:2   | Found a staircase to the Snake Pit.
 17322 | D:13     | Reached skill level 17 in Axes
 17342 | D:13     | Gained mutation: You sometimes lose the ability to read
                  | scrolls when taking damage. [a neqoxec]
 17455 | D:10     | Lost mutation: You sometimes lose the ability to read
                  | scrolls when taking damage. [potion of mutation]
 17455 | D:10     | Gained mutation: You expend magic power (3 MP) to
                  | strengthen your wands. [potion of mutation]
 17455 | D:10     | Gained mutation: You are resistant to electric shocks.
                  | (rElec) [potion of mutation]
 17712 | D:13     | Mangled by a freezing wraith

Illustrated notes

Levels and vault maps discovered:
D:1:      dpeg_arrival_stone_temple_mockup, layout_loops_ring,
          nicolae_ecumenical_lake_church
D:2:      layout_basic
D:3:      cheibrodos_old_hovel, layout_loops_cross, lemuel_round_altar,
          minmay_tree_intersection
D:4:      layout_basic, minmay_temple_entry_poolview, serial_shops,
          nicolae_shop_stone
D:5:      layout_loops_ring, uniq_sigmund, uniq_blork_the_orc, uniq_edmund
D:6:      layout_loops_ring, grunt_temple_overflow_open, uniq_duvessa
D:7:      lemuel_insect_pit, layout_cave_pools, uniq_maggie
D:8:      layout_gridville, minmay_crystal_water, ebering_dispersal_statue_hall,
          kennysheep_potato
D:9:      layout_basic, minmay_orc_entry_guard_dogs,
          minmay_misc_feat_secret_circle
D:10:     layout_basic, serial_shops, nicolae_shop_waterfront, serial_rivers,
          chequers_serial_rivers_micro_a, chequers_serial_rivers_large_a,
          chequers_serial_rivers_small_a, chequers_serial_rivers_micro_a,
          chequers_serial_rivers_micro_c, chequers_serial_rivers_small_3,
          uniq_gastronok
D:11:     layout_roguey, david_lair_generic, serial_shops, shop_statue,
          gauntlet_entry_generic
D:12:     layout_stronghold, led_xom_imps, uniq_jorgrun, uniq_erolcha
D:13:     layout_roguey, grunt_vaults_entry_fortified,
          nicolae_trove_entry_diagonal
Lair:1:   layout_chaotic_city
Lair:2:   layout_loops_ring, minmay_swamp_entry_swarm,
          minmay_snake_entry_guardpost_small,
          eino_small_chamber_without_monster, serial_bayou_shore_b,
          uniq_nergalle
Orc:1:    layout_caves, basic_altar, serial_shops, shop,
          nicolae_orc_crystal_geode
Orc:2:    st_orc_mages, layout_diamond_mine, serial_shops, nicolae_shop_crystal
Elf:1:    layout_geoelf_diagonals, serial_shops, shop, minmay_elf_necromancy,
          uniq_frances

Skill      XL: |  1  2  3  4  5  6  7  8  9 10 11 12 13 |
---------------+----------------------------------------+-----
Axes           | 4 5 6 7 9 11 12 15 16 17 | 17.0
Fighting       | 4 5 6 7 8 9 10 11 | 11.6
Armour         | 3 4 5 6 7 9 10 11 | 11.6
Dodging        | 3 4 6 7 8 10 11 | 11.3
Evocations     | 2 4 5 |  5.0
Slings         | 5 7 |  7.6

Action                   |  1- 3 |  4- 6 |  7- 9 | 10-12 | 13-15 || total
-------------------------+-------+-------+-------+-------+-------++-------
Melee: Hand axe          |    78 |    72 |       |     4 |       ||   154
       Headbutt          |     6 |    14 |    28 |   116 |    23 ||   187
       Punch             |       |     3 |     1 |     3 |       ||     7
       War axe           |       |    18 |   177 |   500 |       ||   695
       Battleaxe         |       |       |       |    17 |   106 ||   123
 Fire: Hunting sling     |       |       |       |       |    73 ||    73
Invok: Berserk           |     2 |     4 |     8 |    17 |       ||    31
       Brothers in Arms  |       |       |       |     3 |       ||     3
Evoke: Wand              |       |       |       |     1 |       ||     1
  Use: Scroll            |     8 |     3 |     4 |     6 |       ||    21
       Potion            |       |       |     1 |     3 |     2 ||     6
 Stab: Sleeping          |       |     1 |       |       |       ||     1
       Invisible         |       |       |       |     1 |       ||     1
Armor: Animal skin       |    17 |       |       |       |       ||    17
       Robe              |     3 |    22 |     2 |       |       ||    27
       Chain mail        |       |       |    68 |       |       ||    68
       Scale mail        |       |       |    51 |   222 |    58 ||   331
Dodge: Dodged            |    57 |    36 |   100 |   295 |    90 ||   578

Table legend: (Time is in decaauts)
 A = Elapsed time spent in this place.
 B = Non-inter-level travel time spent in this place.
 C = Inter-level travel time spent in this place.
 D = Time resting spent in this place.
 E = Time spent auto-exploring this place.
 F = Levels seen in this place.
 G = Mean time per level.
                   A        B        C        D        E       F      G
               +--------+--------+--------+--------+--------+-----+--------+
         Total |  17959 |  16777 |   1182 |   3586 |  10175 |  19 |  945.2 |
       Dungeon |  14202 |  13213 |    989 |   3253 |   7702 |  13 | 1092.5 |
          Lair |   1578 |   1505 |     73 |     37 |   1307 |   2 |  789.0 |
  Orcish Mines |   1455 |   1336 |    119 |    111 |    876 |   2 |  727.5 |
   Elven Halls |      6 |      6 |      0 |      0 |      0 |   1 |    6.0 |
      Gauntlet |    716 |    716 |      0 |    183 |    289 |   1 |  716.0 |
               +--------+--------+--------+--------+--------+-----+--------+

Top non-repeatable levels by time:
     D:4: 1531 daAuts
     D:3: 1458 daAuts
    D:12: 1344 daAuts
    D:10: 1327 daAuts
     D:6: 1235 daAuts
     D:1: 1216 daAuts
    D:11: 1144 daAuts
     D:7: 1040 daAuts
     D:5: 1033 daAuts
     D:8: 884 daAuts
   Orc:2: 847 daAuts
  Lair:2: 808 daAuts
  Lair:1: 770 daAuts
     D:9: 760 daAuts
Gauntlet: 716 daAuts
